 Dungeon Crawl Stone Soup version 0.31.0-11-ge490571c62 (webtiles) character file.

Game seed: 3955101814016237768

567 stipulation the Grave Robber (level 7, 0/32 HPs)
             Began as a Vine Stalker Necromancer on Jan 27, 2024.
             Succumbed to a water moccasin's poison
             ... on level 5 of the Dungeon.
             The game lasted 00:05:13 (5094 turns).

stipulation the Grave Robber (VSNe)                 Turns: 5094, Time: 00:05:13

Health: 0/32       AC:  3    Str: 10    XL:     7   Next: 33%
Magic:  6/16       EV: 12    Int: 17    God:
Gold:   205        SH:  0    Dex: 15    Spells: 16/17 levels left

rFire   + . .        h - +0 dagger
rCold   . . .        (no shield)
rNeg    . . .        a - +0 robe
rPois   .            (no helmet)
rElec   .            (no cloak)
rCorr   .            o - +0 pair of gloves
SInv    .            (no boots)
Will    .....        (no amulet)
Stlth   ++           w - ring of protection from fire
HPRegen 1.05/turn    (no ring)
MPRegen 0.15/turn

%: guardian spirit
@: lethally poisoned (0 -> -2)
A: fangs 2, regeneration 1, magic shield, antimagic bite, no potion heal 2
a: no special abilities


You were on level 5 of the Dungeon.
You visited 1 branch of the dungeon, and saw 5 of its levels.

You collected 205 gold pieces.

Inventory:

Hand Weapons
 h - a +0 dagger (weapon)
Missiles
 i - 3 poisoned darts
Armour
 a - a +0 robe (worn)
 o - a +0 pair of gloves (worn)
Jewellery
 s - a ring of fire
 w - a ring of protection from fire (left hand)
Scrolls
 c - a scroll of revelation {unknown}
 e - 2 scrolls of teleportation
 g - a scroll of acquirement {unknown}
 j - 2 scrolls of butterflies
 k - a scroll of enchant weapon {unknown}
 n - a scroll of fear {unknown}
 t - a scroll of blinking {unknown}
 u - 2 scrolls of immolation {unknown}
 v - a scroll of vulnerability {unknown}
Potions
 b - 2 potions of magic
 d - 2 potions of mutation
 f - a potion of lignification {unknown}
 l - a potion of heal wounds {unknown}
 m - a potion of degeneration
 q - a potion of enlightenment {unknown}
 r - a potion of attraction {unknown}
 x - a potion of invisibility {unknown}


   Skills:
 - Level 1.5 Dodging
 - Level 2.4 Stealth
 + Level 5.7 Spellcasting
 + Level 6.7 Necromancy


You had 16 spell levels left.
You knew the following spells:

 Your Spells              Type           Power      Damage    Failure   Level
a - Necrotise             Necr           100%       1d9       1%          1

Your spell library contained the following spells:

 Spells                   Type           Power      Damage    Failure   Level
 Vampiric Draining        Necr           27%        2d7       2%          3
 Animate Dead             Necr           27%        N/A       9%          4
 Ensorcelled Hibernation  Hex/Ice        8%         N/A       21%         2
 Curse of Agony           Necr           27%        N/A       22%         5
 Inner Flame              Hex/Fire       4%         N/A       36%         3
 Passwall                 Erth           4%         N/A       36%         3
 Swiftness                Air            4%         N/A       36%         3
 Flame Wave               Conj/Fire      4%         2d5       78%         4
 Sticky Flame             Fire/Alch      4%         2d4       78%         4


Dungeon Overview and Level Annotations

Branches:
Dungeon (5/15)
 Temple: D:4-7

Altars:
Ru
Trog
Wu Jian
Xom

Shops:
D:1 :   D:4 =

Annotations:
D:5 Dowan, Duvessa


Innate Abilities, Weirdness & Mutations

You have extremely sharp teeth.
Your natural rate of healing is unusually fast.
When hurt, damage is shared between your health and your magic reserves.
Your bite disrupts and absorbs the magic of your enemies.
Potions cannot restore your health.


Message History

The water moccasin writhes in agony.
You feel very sick. The water moccasin bites you.
You are lethally poisoned!
The water moccasin poisons you! The water moccasin closely misses you.
Casting: Necrotise (safe; 1% risk of failure)
Confirm with . or Enter, or press ? or * to list all spells.
Aiming: Necrotise (safe; 1% risk of failure)
Press: ? - help, Shift-Dir - straight line, f/p - water moccasin
Aim: a water moccasin (lightly wounded, chance to affect: 83%)
The water moccasin writhes in agony!
You feel extremely sick. The water moccasin barely misses you.
Your system rejects the healing.
You feel better. The water moccasin barely misses you.
The water moccasin bites you!
* * * LOW HITPOINT WARNING * * *
You are lethally poisoned!
The water moccasin poisons you!
Casting: Necrotise (safe; 1% risk of failure)
Confirm with . or Enter, or press ? or * to list all spells.
Aiming: Necrotise (safe; 1% risk of failure)
Press: ? - help, Shift-Dir - straight line, f/p - water moccasin
Aim: a water moccasin (heavily wounded, chance to affect: 83%)
The water moccasin writhes in agony.
* * * LOW HITPOINT WARNING * * *
You feel very sick.
The water moccasin bites you but does no damage.
You miss the water moccasin.
The water moccasin is heavily wounded.
* * * LOW HITPOINT WARNING * * *
You feel very sick. The water moccasin closely misses you.
You barely miss the water moccasin.
The water moccasin is heavily wounded.
* * * LOW HITPOINT WARNING * * *
You feel sick. The water moccasin barely misses you.
The water moccasin closely misses you.
You miss the water moccasin.
The water moccasin is heavily wounded.
You die...

#.#.#..#.###...#
#.#.##.#.# ###.##
#.#....#.#####..##
#.######..........
#.# #######....
#.# #.... #.#
#.... ###.######
#.... #..@.....#
#.... #..S.....#
#.... #........#
#.... #........#
##### .<.....###
#.......#
#.......#
#.......#


You could see a water moccasin.

Vanquished Creatures
  An ogre (D:4)
  A phantom (D:5)
  2 scorpions
  2 hounds (D:5)
  5 gnolls
  8 adders
  A shadow imp (D:5)
  4 dart slugs
  An orc (D:3)
  3 ball pythons (D:1)
  3 endoplasms
  4 giant cockroaches
  7 goblins
  4 hobgoblins
  5 kobolds
  3 quokkas
  5 bats
  3 frilled lizards
  A rat (D:3)
63 creatures vanquished.

Vanquished Creatures (collateral kills)
  A bombardier beetle (D:5)
  A gnoll (D:5)
2 creatures vanquished.

Grand Total: 65 creatures vanquished

Notes
Turn   | Place    | Note
-------+----------+-------------------------------------------
     0 | D:1      | stipulation the Vine Stalker Necromancer began the quest
                  | for the Orb.
     0 | D:1      | Reached XP level 1. HP: 9/9 MP: 4/4
    77 | D:1      | Found Oppu Pei's Vocational Training.
   184 | D:1      | Reached XP level 2. HP: 9/13 MP: 0/6
   796 | D:2      | Reached XP level 3. HP: 16/16 MP: 3/8
  1468 | D:2      | Reached XP level 4. HP: 21/21 MP: 8/10
  1961 | D:3      | Found a bloodstained altar of Trog.
  2389 | D:3      | Reached skill level 5 in Necromancy
  2829 | D:3      | Found a sacrificial altar of Ru.
  3008 | D:4      | Noticed a scorpion
  3178 | D:4      | Found Emeew's Jewellery Boutique.
  3181 | D:4      | Noticed an ogre
  3202 | D:4      | Killed an ogre
  3203 | D:4      | Reached XP level 5. HP: 24/24 MP: 1/12
  3822 | D:4      | Reached XP level 6. HP: 20/28 MP: 6/14
  4422 | D:5      | Entered Level 5 of the Dungeon
  4422 | D:5      | Noticed Duvessa
  4430 | D:5      | Noticed an ice beast
  4505 | D:5      | Reached skill level 5 in Spellcasting
  4505 | D:5      | Reached skill level 6 in Necromancy
  4658 | D:5      | Reached XP level 7. HP: 28/32 MP: 11/16
  5003 | D:5      | Noticed Dowan
  5034 | D:5      | Found a shimmering altar of Xom.
  5034 | D:5      | Found an ornate altar of the Wu Jian Council.
  5093 | D:5      | HP: 1/32 [poisoned by a water moccasin]
  5094 | D:5      | Succumbed to a water moccasin's poison

Illustrated notes

Levels and vault maps discovered:
D:1:      scummos_arrival_star, layout_rooms, nicolae_shop_vocational
D:2:      layout_basic, chequers_serial_rivers_micro_b, minmay_pentomino_v2
D:3:      layout_basic, mainiacjoe_overflow_surrounded_room,
          mainiacjoe_overflow_paths
D:4:      layout_basic, serial_shops, nicolae_shop_gaudy_bauble
D:5:      minmay_inner_zag, layout_basic, gammafunk_temple_overflow_wave,
          uniq_duvessa

Skill      XL: |  1  2  3  4  5  6 |
---------------+-------------------+-----
Spellcasting   | 3 4 5 |  5.7
Necromancy     | 5 6 |  6.7
Dodging        | |  1.5
Stealth        | |  2.4

Action                     |  1- 3 |  4- 6 |  7- 9 || total
---------------------------+-------+-------+-------++-------
  Melee: Unarmed           |     7 |       |       ||     7
         Bite              |     3 |     3 |     7 ||    13
         Dagger            |     5 |    20 |    22 ||    47
         Punch             |       |     2 |     2 ||     4
   Cast: Necrotise         |    59 |    86 |    25 ||   170
    Use: Scroll            |       |     5 |     1 ||     6
         Potion            |       |       |     1 ||     1
   Stab: Distracted        |     1 |       |       ||     1
 Armour: Robe              |    16 |    40 |    20 ||    76
  Dodge: Dodged            |    20 |    35 |    22 ||    77
